Map: Ruins of Seras

Players

State - Winner!

  • Race: Protoss Protoss

Elazer

  • Race: Zerg Zerg
  • League: Grandmaster

Event: DreamHack ZOWIE Open Leipzig

VOD

Have the link to the VOD?

Description

Time

  • Played on: Jan. 22, 2016, 11:57 a.m.
  • Length: 13:21

All games in this series

Show
View Real Time Build Order
Export as new Build Order

State Protoss - Winner!

Build Orders: 1 Gate Expand, Adept Opening, Phoenix Opening 

Get SALT Encoding   

  12  0:01  Probe (Chrono Boost)  
  13  0:11  Probe (Chrono Boost)  
  14  0:19  Pylon  
  14  0:22  Probe (Chrono Boost)  
  15  0:37  Probe (Chrono Boost)  
  15  0:38  Gateway  
  16  0:43  Assimilator  
  16  0:48  Probe (Chrono Boost)  
  17  0:58  Probe (Chrono Boost)  
  18  1:09  Probe (Chrono Boost)  
  19  1:25  Nexus  
  19  1:28  Probe (Chrono Boost)  
  20  1:38  Cybernetics Core  
  20  1:42  Probe (Chrono Boost)  
  21  1:50  Assimilator  
  21  1:52  Probe (Chrono Boost)  
  22  2:03  Probe (Chrono Boost)  
  22  2:05  Pylon  
  23  2:18  Warp Gate  
  23  2:23  Probe (Chrono Boost), Adept (Chrono Boost)  
  26  2:34  Probe (Chrono Boost)  
  27  2:38  Probe (Chrono Boost)  
  28  2:44  Probe (Chrono Boost)  
  28  2:50  Mothership Core (Chrono Boost), Adept, Pylon  
  33  2:55  Probe (Chrono Boost)  
  35  3:05  Probe (Chrono Boost)  
  35  3:08  Probe (Chrono Boost)  
  36  3:16  Probe (Chrono Boost)  
  36  3:18  Sentry  
  36  3:19  Probe (Chrono Boost), Pylon  
  40  3:21  Gateway  
  40  3:27  Probe (Chrono Boost)  
  41  3:29  Probe (Chrono Boost)  
  42  3:37  Probe (Chrono Boost)  
  42  3:39  Gateway  
  42  3:40  Gateway, Probe (Chrono Boost)  
  42  3:46  Sentry  
  42  3:48  Probe (Chrono Boost)  
  45  3:50  Probe (Chrono Boost)  
  45  3:54  Pylon  
  46  3:56  Assimilator x2  
  46  3:58  Probe (Chrono Boost)  
  46  4:01  Probe (Chrono Boost)  
  48  4:09  Probe (Chrono Boost)  
  49  4:11  Probe (Chrono Boost)  
  49  4:14  Stargate x2  
  50  4:19  Probe (Chrono Boost)  
  50  4:22  Probe (Chrono Boost)  
  52  4:27  Sentry  
  52  4:30  Probe (Chrono Boost), Adept  
  57  4:32  Probe (Chrono Boost), Pylon  
  58  4:40  Probe (Chrono Boost), Adept  
  58  4:41  Adept  
  64  4:49  Pylon  
  64  4:51  Probe (Chrono Boost)  
  64  4:59  Nexus  
  64  5:06  Phoenix (Chrono Boost)  
  66  5:07  Phoenix (Chrono Boost)  
  66  5:09  Probe  
  66  5:10  Probe  
  70  5:15  Zealot  
  72  5:24  Probe x2  
  72  5:28  Phoenix (Chrono Boost)  
  76  5:29  Phoenix (Chrono Boost)  
  76  5:30  Adept  
  76  5:33  Adept  
  82  5:37  Pylon  
  82  5:38  Probe  
  82  5:39  Probe  
  84  5:43  Pylon  
  84  5:45  Pylon  
  84  5:50  Probe  
  84  5:56  Phoenix x2 (Chrono Boost)  
  89  6:00  Probe  
  89  6:02  Probe  
  91  6:07  Robotics Facility  
  91  6:11  Robotics Facility  
  91  6:13  Probe x2  
  93  6:24  Probe  
  93  6:25  Probe  
  93  6:26  Probe  
  93  6:29  Phoenix x2 (Chrono Boost)  
  100  6:35  Probe  
  101  6:41  Probe  
  101  6:42  Probe  
  101  6:45  Twilight Council, Forge  
  103  6:49  Phoenix (Chrono Boost), Assimilator  
  103  6:50  Assimilator  
  103  6:51  Phoenix (Chrono Boost)  
  103  6:52  Pylon  
  107  6:58  Immortal (Chrono Boost)  
  111  7:02  Immortal (Chrono Boost)  
  115  7:10  Probe x2  
  115  7:14  Oracle  
  117  7:18  Probe  
  121  7:32  Charge (Chrono Boost)  
  121  7:41  Immortal (Chrono Boost)  
  121  7:42  Zealot x3  
  127  7:49  Pylon  
  127  7:51  Pylon  
  131  7:52  Pylon  
  131  7:56  Pylon  
  131  7:59  Pylon  
  131  8:00  Gateway  
  131  8:01  Gateway  
  131  8:02  Immortal, Pylon  
  131  8:03  Gateway  
  131  8:04  Pylon  
  131  8:05  Gateway  
  131  8:06  Gateway  
  131  8:11  Probe x2  
  135  8:13  Immortal, Protoss Ground Weapons Level 1  
  137  8:26  Gateway  
  137  8:29  Templar Archives  
  137  8:30  Gateway  
  137  8:36  Immortal  
  137  8:37  Gateway  
  137  8:48  Warp Prism  
  141  8:51  Nexus  
  141  8:54  Pylon x2  
  143  9:05  Pylon  
  143  9:07  Photon Cannon  
  143  9:08  Photon Cannon  
  143  9:09  Photon Cannon  
  143  9:16  Observer  
  141  9:19  High Templar  
  141  9:20  High Templar x3  
  150  9:24  Probe x2  
  150  9:26  Probe  
  150  9:29  Photon Cannon  
  153  9:32  Photon Cannon  
  153  9:35  Zealot x5  
  153  9:36  Probe  
  164  9:42  Dark Shrine  
  84  9:52  Psionic Storm  
  164  9:57  Blink (Chrono Boost)  
  164  9:58  Immortal  
  168  10:12  Zealot x2  
  168  10:14  Protoss Ground Weapons Level 2  
  172  10:17  Zealot x2  
  172  10:18  Zealot x3  
  186  10:32  Zealot x4  
  194  10:42  Zealot x2  
  198  10:43  Zealot  
  198  10:48  Zealot x2  
  200  11:01  Assimilator  
  200  11:02  Assimilator  
  200  11:04  Photon Cannon x2  
  200  11:07  Photon Cannon x2  
  200  11:10  Fleet Beacon  
  200  11:15  Photon Cannon  
  188  11:50  Nexus  
  188  11:51  Pylon  
  188  11:53  Pylon  
  179  12:05  Zealot x3  
  179  12:06  Zealot x8  
  179  12:07  Probe  
  196  12:09  Stalker  
  180  12:30  Stalker x4  
  180  12:31  Stalker x7  
  200  12:43  Dark Templar  
  196  12:48  Photon Cannon  
  196  12:50  Photon Cannon  
  196  12:51  Photon Cannon  
  186  12:53  Photon Cannon  
  186  12:57  Assimilator  
  172  13:01  Assimilator  
  176  13:15  High Templar x4  
  176  13:16  High Templar x3  
  176  13:18  Zealot x3  
  176  13:19  Zealot, Archon  
  198  13:20  Archon  
Show
View Real Time Build Order
Export as new Build Order

Elazer Zerg 

Build Orders: Hatch First, Lurkers, Roach Hydra 

Get SALT Encoding   

  12  0:00  Drone  
  13  0:12  Overlord  
  13  0:18  Drone  
  14  0:31  Drone x2  
  14  0:34  Drone  
  17  0:52  Hatchery  
  17  0:55  Drone  
  17  0:59  Drone  
  18  1:09  Extractor  
  17  1:14  Spawning Pool  
  17  1:17  Drone  
  17  1:20  Drone  
  18  1:28  Drone  
  19  1:39  Overlord  
  19  1:50  Drone  
  20  2:00  Drone, Queen  
  23  2:04  Queen  
  23  2:05  Zergling x2  
  26  2:08  Metabolic Boost  
  26  2:11  Drone  
  26  2:15  Drone  
  28  2:29  Drone x2  
  30  2:37  Hatchery  
  30  2:42  Queen  
  31  2:45  Drone  
  31  2:47  Drone  
  33  2:52  Drone  
  33  2:53  Drone  
  33  2:56  Overlord  
  35  3:03  Drone  
  35  3:14  Drone x2  
  35  3:15  Drone  
  35  3:16  Zergling x8  
  35  3:18  Drone  
  43  3:23  Overlord  
  43  3:40  Drone  
  44  3:41  Drone x2  
  44  3:43  Drone x3  
  44  3:44  Roach Warren, Extractor  
  47  3:52  Drone x2  
  47  3:53  Drone x4  
  53  4:03  Drone x3  
  53  4:04  Extractor  
  53  4:06  Lair  
  55  4:12  Drone x3  
  58  4:20  Overlord  
  58  4:28  Overlord  
  58  4:32  Overlord  
  58  4:33  Evolution Chamber  
  58  4:37  Drone  
  58  4:38  Drone x8  
  64  4:44  Overlord  
  66  4:50  Drone  
  66  4:51  Drone  
  66  4:52  Drone x3  
  70  4:53  Drone x3  
  70  4:55  Extractor  
  70  4:57  Extractor  
  71  5:00  Zerg Missile Weapons Level 1  
  71  5:01  Drone x2, Overlord  
  71  5:02  Overlord  
  71  5:05  Hydralisk Den, Glial Reconstitution  
  72  5:09  Extractor  
  72  5:12  Drone  
  72  5:16  Drone  
  73  5:21  Drone x2  
  73  5:22  Drone  
  73  5:24  Drone  
  73  5:25  Drone  
  73  5:27  Spore Crawler x2  
  73  5:28  Roach x6  
  88  5:35  Lurker Den  
  88  5:37  Overlord  
  88  5:43  Drone  
  88  5:49  Hatchery, Roach x4  
  96  5:55  Overlord  
  96  6:00  Drone  
  96  6:04  Spire, Hydralisk  
  96  6:05  Hydralisk x3  
  96  6:07  Overseer  
  96  6:08  Overlord  
  104  6:12  Drone  
  104  6:13  Hydralisk  
  104  6:15  Hydralisk x2  
  111  6:26  Overlord  
  111  6:33  Hydralisk x5  
  111  6:35  Infestation Pit  
  111  6:39  Pneumatized Carapace  
  119  6:40  Overlord x3  
  119  6:43  Spore Crawler  
  119  6:44  Overlord  
  118  6:52  Drone  
  119  6:54  Overlord x2  
  119  6:55  Zerg Missile Weapons Level 2  
  119  7:03  Muscular Augments  
  119  7:05  Spore Crawler  
  118  7:09  Drone  
  118  7:10  Drone x11  
  118  7:15  Drone x2  
  130  7:18  Infestor x2  
  130  7:22  Queen  
  134  7:24  Spore Crawler  
  134  7:25  Overlord  
  134  7:28  Drone  
  132  7:30  Extractor  
  132  7:31  Spore Crawler x2, Drone x2  
  132  7:33  Infestor  
  132  7:34  Extractor  
  132  7:36  Queen  
  133  7:38  Infestor  
  133  7:39  Drone  
  133  7:40  Drone  
  133  7:44  Drone x4  
  138  7:47  Drone x2  
  138  7:48  Drone  
  142  7:57  Overlord x2  
  142  8:02  Hydralisk x5  
  142  8:04  Spore Crawler  
  150  8:07  Spore Crawler  
  150  8:09  Drone x2  
  150  8:10  Drone  
  147  8:17  Overlord  
  147  8:19  Hive  
  143  8:28  Lurker x2  
  143  8:29  Lurker  
  143  8:30  Overlord x2  
  143  8:32  Drone x4  
  150  8:36  Drone  
  150  8:38  Evolution Chamber, Hatchery  
  149  8:43  Lurker x2  
  149  8:44  Drone x3, Lurker  
  155  8:51  Spore Crawler  
  155  8:53  Hydralisk x4  
  162  9:00  Spore Crawler  
  162  9:01  Overlord  
  161  9:04  Zerg Ground Armor Level 1  
  161  9:13  Nydus Network  
  161  9:15  Corruptor  
  161  9:17  Overseer  
  156  9:24  Spine Crawler x2  
  154  9:28  Spine Crawler  
  153  9:31  Spine Crawler  
  153  9:33  Greater Spire  
  153  9:37  Lurker x3  
  155  9:41  Zergling x22  
  155  9:43  Corruptor  
  168  9:45  Lurker  
  168  9:47  Spine Crawler  
  168  9:48  Drone x2, Spine Crawler  
  168  9:51  Corruptor  
  168  9:52  Spore Crawler x2, Spine Crawler  
  166  9:59  Lurker  
  165  10:07  Corruptor  
  165  10:08  Corruptor x2  
  165  10:13  Zergling x22  
  177  10:30  Corruptor x2  
  181  10:36  Nydus Canal  
  181  10:41  Adrenal Glands, Zerg Melee Weapons Level 1  
  181  10:45  Brood Lord  
  183  10:58  Brood Lord  
  183  10:59  Brood Lord  
  187  11:06  Zerg Flyer Weapons Level 1, Zergling x2  
  187  11:07  Zergling x12  
  187  11:10  Corruptor x2  
  194  11:23  Hatchery  
  188  11:29  Lurker  
  187  11:36  Corruptor x2  
  187  11:38  Zergling x8  
  187  11:39  Zergling x6  
  194  12:00  Zergling x2  
  194  12:01  Zergling x10  
  194  12:04  Brood Lord x3  
  154  12:24  Corruptor x4, Infestor  
  154  12:26  Zergling x2  
  154  12:27  Zergling x22  
  150  12:52  Corruptor x5  
  150  12:57  Hatchery  
  142  13:02  Spawning Pool  

Tags
 
Add a new tag
Caveats
  • Supply blocks, unpowered buildings, or Contaminate may cause inaccurate times.
  • Supply counts are checked every 10 seconds.